 Dungeon Crawl Stone Soup version 0.17.0-24-gcfadda4 (console) character file.

1400 gw the Poker (level 8, 0/61 HPs)
             Began as a Demonspawn Fighter on Nov 16, 2015.
             Was an Initiate of Qazlal.
             Slain by an orc warrior
             ... wielding a +0 mace
              (7 damage)
             ... on level 6 of the Dungeon.
             The game lasted 00:04:35 (6555 turns).

gw the Poker (Demonspawn Fighter)                   Turns: 6555, Time: 00:04:35

Health: 0/61       AC: 15    Str: 17    XL:     8   Next: 41%
Magic:  10/10      EV:  7    Int:  9    God:    Qazlal [......]
Gold:   267        SH: 10    Dex: 15    Spells: 0 memorised, 7 levels left

rFire  . . .     SeeInvis .     a - +3 trident
rCold  . . .     Clarity  .     w - +0 plate armour
rNeg   . . .     SustAt   .     c - +0 shield
rPois  +         Gourm    .     i - +2 hat
rElec  .         Spirit   .     (no cloak)
rCorr  .         Warding  .     g - +0 pair of gloves
rMut   .         Stasis   .     (no boots)
MR     .....                    k - amulet of inaccuracy (curse)
Stlth  ..........               v - ring of poison resistance
                                m - +2 ring of evasion

@: not resistant to hostile enchantments, extremely unstealthy
A: claws 1, repulsion field 1, powered by death 1
a: Renounce Religion


You were on level 6 of the Dungeon.
You worshipped Qazlal.
Qazlal was noncommittal.
You were not hungry.

You visited 2 branches of the dungeon, and saw 7 of its levels.

You collected 267 gold pieces.

Inventory:

Hand Weapons
 a - a +3 trident (weapon)
Missiles
 l - 89 poisoned needles
 q - 110 stones (quivered)
Armour
 c - a +0 shield (worn)
 g - a +0 pair of gloves (worn)
 i - a +2 hat (worn)
 w - a +0 plate armour (worn)
Jewellery
 k - a cursed amulet of inaccuracy (around neck)
 m - a +2 ring of evasion (left hand)
 v - a ring of poison resistance (right hand)
Scrolls
 b - a scroll of recharging
 h - 5 scrolls of remove curse
 j - 3 scrolls of fear
 n - a scroll of magic mapping
 p - 2 scrolls of identify
 r - 5 scrolls of teleportation
Potions
 d - a potion of might
 s - 2 potions of curing
Comestibles
 e - 6 bread rations
 f - 3 meat rations
 t - 10 fruits


   Skills:
 + Level 4.9 Fighting
 + Level 5.4 Polearms
 + Level 3.3 Throwing
 + Level 4.5 Armour
 + Level 4.7 Shields
 * Level 3.7 Invocations


You had 7 spell levels left.
You didn't know any spells.

Dungeon Overview and Level Annotations

Branches:
Dungeon (6/15)             Temple (1/1) D:4

Altars:
Ashenzari
Cheibriados
Dithmenos
Elyvilon
Fedhas
Gozag
Kikubaaqudgha
Makhleb
Okawaru
Qazlal
Ru
Sif Muna
Trog
Vehumet
Xom
Yredelemnul
Zin

Shops:
D:5 *}[%


Innate Abilities, Weirdness & Mutations

You have sharp fingernails.
You are surrounded by a mild repulsion field (EV +2).
You regenerate a little health from kills.


Message History

The orc warrior is lightly wounded.
The orc warrior closely misses you.
ATTACKING (1,0)
You closely miss the orc warrior.
The orc warrior is lightly wounded.
You block the orc warrior's attack.
ATTACKING (1,0)
You hit the orc warrior.
The orc warrior is moderately wounded.
The orc warrior hits you with a mace.
ATTACKING (1,0)
You hit the orc warrior but do no damage.
The orc warrior is moderately wounded.
The orc warrior hits you but does no damage.
ATTACKING (1,0)
You miss the orc warrior.
The orc warrior is moderately wounded.
You feel less regenerative. The orc warrior hits you with a mace!
You die...

#.....).....#####
#...........#.... .
#...........#.###
....####...........#.###
........................
#.######...........#.#..
####..........#.#.#
#..%.....###### #.#
#.6o......... #..
#.........#... #..
.....#....#.........
..(...#.####....$.##
.(.(....#.. .....
........#..# .### ####
#+#######... .... .#
.... ....


You could see an orc warrior.

Table legend:
 A = Turns spent in this place as a percentage of turns spent in the entire game.
 B = Non-inter-level travel turns spent in this place as a percentage of non-inter-level travel turns spent in the entire game.
 C = Inter-level travel turns spent in this place as a percentage of turns spent in this place.
 D = Turns resting spent in this place as a percentage of non-inter-level travel turns spent in this place.
 E = Turns spent auto-exploring this place as a percentage of non-inter-level travel turns spent in this place.
 F = Non-inter-level travel turns spent in this place divided by the number of levels of this place that you've seen.
                   A       B       C       D       E      F
               +-------+-------+-------+-------+-------+----------------------
         Total | 100.0 | 100.0 |   0.5 |   0.7 |   2.5 | 1347.0
       Dungeon |  97.8 |  97.8 |   0.5 |   0.7 |   2.5 | 1536.3
        Temple |   2.2 |   2.2 |   0.9 |   0.0 |   4.3 | 211.0
               +-------+-------+-------+-------+-------+----------------------

Table legend:
 A = Kills in this place as a percentage of kills in entire the game.
 B = Kills by you in this place as a percentage of kills by you in the entire game.
 C = Kills by friends in this place as a percentage of kills by friends in the entire game.
 D = Other kills in this place as a percentage of other kills in the entire game.
 E = Experience gained in this place as a percentage of experience gained in the entire game.
 F = Experience gained in this place divided by the number of levels of this place that you have seen.
                   A       B       C       D       E      F
               +-------+-------+-------+-------+-------+----------------------
         Total | 100.0 | 100.0 |  -nan |  -nan | 100.0 | 285.9
       Dungeon | 100.0 | 100.0 |  -nan |  -nan | 100.0 | 333.5
               +-------+-------+-------+-------+-------+----------------------

Vanquished Creatures
  The ghost of ces the Covert, an amateur SpAs (D:4)
  A hungry ghost (D:5)
  Duvessa (D:4)
  An ice beast (D:6)
  3 ogres (D:4)
  Blork the orc (D:4)
  A big kobold (D:5)
  Dowan (D:4)
  A crimson imp (D:3)
  3 hounds
  An iguana (D:4)
  Jessica (D:3)
  A giant frog skeleton (D:5)
  A killer bee zombie (D:5)
  7 adders
  2 worker ant zombies (D:6)
  3 gnolls
  A shadow imp (D:5)
  3 worms
  7 giant geckos
  14 orcs
  7 giant cockroaches
  15 goblins
  6 hobgoblins
  11 jackals
  17 kobolds
  A quokka (D:3)
  3 ball pythons
  6 bats
  A giant gecko skeleton (D:4)
  9 giant newts
  8 rats
139 creatures vanquished.

Vanquished Creatures (others)
  A hound (D:4)
1 creature vanquished.

Grand Total: 140 creatures vanquished

Notes
Turn   | Place    | Note
--------------------------------------------------------------
     0 | D:1      | gw the Demonspawn Fighter began the quest for the Orb.
     0 | D:1      | Reached XP level 1. HP: 18/18 MP: 1/1
   222 | D:1      | Gained mutation: You have sharp fingernails. [demonic ancestry]
   222 | D:1      | Reached XP level 2. HP: 24/24 MP: 2/2
   605 | D:1      | Reached XP level 3. HP: 26/29 MP: 3/3
  1107 | D:2      | Reached skill level 1 in Throwing
  1463 | D:2      | Found a shattered altar of Ashenzari.
  1470 | D:2      | Found a faded altar to an unknown god.
  1477 | D:2      | Reached XP level 4. HP: 21/35 MP: 4/4
  2620 | D:3      | Reached XP level 5. HP: 41/41 MP: 5/5
  2628 | D:3      | Noticed Jessica
  2637 | D:3      | Killed Jessica
  2966 | D:3      | Found an opulent altar of Gozag.
  3399 | D:3      | Found a snail-covered altar of Cheibriados.
  4089 | D:4      | Noticed Dowan
  4091 | D:4      | Noticed Duvessa
  4105 | D:4      | Killed Duvessa
  4105 | D:4      | Gained mutation: You regenerate a little health from kills. [demonic ancestry]
  4105 | D:4      | Reached XP level 6. HP: 40/48 MP: 6/6
  4115 | D:4      | Killed Dowan
  4115 | D:4      | Reached skill level 4 in Polearms
  4344 | D:4      | Noticed ces's ghost (amateur SpAs)
  4392 | D:4      | Killed ces's ghost
  4392 | D:4      | Gained mutation: You are surrounded by a mild repulsion field (EV +2). [demonic ancestry]
  4392 | D:4      | Reached XP level 7. HP: 49/54 MP: 7/7
  4446 | D:4      | Noticed Blork the orc
  4449 | D:4      | Noticed an ogre
  4461 | D:4      | Killed Blork the orc
  4466 | D:4      | Killed an ogre
  4597 | D:4      | Noticed an ogre
  4602 | D:4      | Killed an ogre
  4677 | D:4      | Noticed an ogre
  4690 | D:4      | Killed an ogre
  4690 | D:4      | Reached skill level 5 in Polearms
  5001 | D:4      | Found a staircase to the Ecumenical Temple.
  5010 | Temple   | Entered the Ecumenical Temple
  5021 | Temple   | Became a worshipper of Qazlal Stormbringer
  5484 | D:5      | Entered Level 5 of the Dungeon
  5484 | D:5      | Found Taphomil's Assorted Antiques.
  5546 | D:5      | Reached skill level 1 in Invocations
  5823 | D:5      | Reached XP level 8. HP: 57/61 MP: 7/9
  6033 | D:5      | Found Issiwnud's Armour Boutique.
  6036 | D:5      | Found Tuazxon's Food Shop.
  6227 | D:5      | Found a deep blue altar of Sif Muna.
  6303 | D:5      | Found Jelea's Gadget Emporium.
  6555 | D:6      | Slain by an orc warrior

Action                   |  1- 3 |  4- 6 |  7- 9 || total
-------------------------+-------+-------+-------++-------
Melee: Trident           |   162 |   276 |   258 ||   696
Throw: Stone             |    16 |    56 |    41 ||   113
  Use: Scroll            |     6 |     3 |     3 ||    12
       Potion            |       |     4 |       ||     4
  Eat: Chunk             |     2 |    10 |     9 ||    21
       Beef jerky        |       |       |     3 ||     3
       Royal jelly       |       |       |     1 ||     1

Vault maps used:
D:1:      sevenhm_arrival_forest_fort_large_4
D:2:      nicolae_overflow_crystal_walls, ecumenical_altar_1
D:3:      cheibriados_altar_wand_db, nicolae_gozag_seed_capital, first_bread,
          uniq_jessica
D:4:      lemuel_temple_firewalk_marked, uniq_duvessa, uniq_blork_the_orc
D:5:      tgw_sif, serial_shops, nicolae_shop_statue_plus,
          nicolae_shop_waterfront, nicolae_shop_behind_doors,
          nicolae_shop_scaring_up_business
D:6:      uniq_sigmund
Temple:   nicolae_temple_god_jail
